 Dungeon Crawl Stone Soup version 0.23.2-40-g277498a001 (webtiles) character file.

Game seed: 9682420238865769003

12748 Descartes the Covert (level 11, 0/54 HPs)
             Began as a Vine Stalker Transmuter on Aug 24, 2019.
             Was a High Priest of Dithmenos.
             Slain by a minotaur
             ... wielding a +0 quarterstaff
              (14 damage)
             ... in a Gauntlet.
             The game lasted 00:47:29 (10634 turns).

Descartes the Covert (Vine Stalker Transmuter)     Turns: 10634, Time: 00:47:30

Health: 0/54       AC: 13    Str: 10    XL:     11   Next: 98%
Magic:  0/20       EV: 15    Int: 18    God:    Dithmenos [*****.]
Gold:   540        SH:  0    Dex: 16    Spells: 6/21 levels left

rFire    + + +     SeeInvis +   n - +3 dagger (drain)
rCold    . . .     Gourm    .   (no shield)
rNeg     . . .     Faith    .   c - +2 robe {Archmagi}
rPois    +         Spirit   +   u - +0 helmet
rElec    .         Reflect  .   N - +0 cloak
rCorr    .         Harm     .   p - +3 pair of gauntlets of War {Slay+5}
MR       +....     NoTele   +   o - +1 pair of boots
Stlth    +++++.....             D - amulet of regeneration
HPRegen  0.98/turn              U - ring of Edoplysteg {rPois rF+++ Str-5 Int-3 SInv}
MPRegen  0.17/turn              M - ring "Xos Coen" {rPois Int+6 Stlth-}

@: wreathed by umbra
A: fangs 3, clever 1, regeneration 1, wild magic 1, magic shield, antimagic
bite, no potion heal 3, rot immunity
a: Shadow Step, Shadow Form, Renounce Religion


You were in a Gauntlet.
You worshipped Dithmenos.
Dithmenos was extremely pleased with you.
You were not hungry.

You visited 2 branches of the dungeon, and saw 12 of its levels.
You also visited: Ossuary and Gauntlet.

You collected 618 gold pieces.
You spent 78 gold pieces at shops.

Inventory:

Hand Weapons
 n - a +3 dagger of draining (weapon)
 w - a +3 long sword of draining
 F - a +0 rapier
 G - a +3 shortbow
 Q - a +2 falchion of holy wrath
 V - a +2 falchion of flaming
Missiles
 a - 338 arrows
 b - 35 bolts
 e - 7 throwing nets (quivered)
 h - 16 tomahawks
 i - 5 needles of confusion
 j - 113 sling bullets
 l - 3 steel tomahawks
 v - 196 stones
 E - 36 poisoned needles
 K - 8 curare-tipped needles
Armour
 c - a +2 robe of the Archmagi (worn)
 o - a +1 pair of boots (worn)
 p - the +3 pair of gauntlets of War (worn) {Slay+5}
   (You found it in a Gauntlet)

   It affects your accuracy and damage with ranged weapons and melee attacks
   (+5).
 u - a +0 helmet (worn)
 N - a +0 cloak (worn)
Jewellery
 k - an uncursed ring of resist corrosion
 t - a +1 ring of protection
 A - an uncursed ring of protection from fire
 D - an amulet of regeneration (around neck)
 M - the ring "Xos Coen" (right hand) {rPois Int+6 Stlth-}
   (You found it in an ossuary)

   [ring of attention]

   It affects your intelligence (+6).
   It protects you from poison.
   It makes you less stealthy.
 O - a +3 ring of intelligence
 S - an uncursed ring of ice
 U - the ring of Edoplysteg (left hand) {rPois rF+++ Str-5 Int-3 SInv}
   (You found it in a Gauntlet)

   [ring of see invisible]

   It affects your strength (-5).
   It affects your intelligence (-3).
   It renders you almost immune to fire.
   It protects you from poison.
   It lets you see invisible.
Wands
 J - a wand of polymorph (10)
Scrolls
 f - 4 scrolls of teleportation
 s - a scroll of silence
 x - a scroll of remove curse
 y - 2 scrolls of magic mapping
 z - 4 scrolls of amnesia
 I - a scroll of blinking
 P - 2 scrolls of immolation
 R - 3 scrolls of fog
Potions
 g - a potion of magic
 m - 5 potions of lignification
 q - 3 potions of ambrosia
 r - 3 potions of might
 B - 6 potions of curing
 C - a potion of flight
 H - 3 potions of cancellation
 L - 2 potions of haste
 T - a potion of brilliance
Comestibles
 d - 24 rations


   Skills:
 + Level 4.5 Fighting
 + Level 4.6(5.4) Short Blades
 + Level 4.3(5.3) Long Blades
 + Level 4.2 Armour
 + Level 4.4 Dodging
 * Level 9.8 Stealth
 * Level 8.2 Unarmed Combat
 + Level 5.5 Spellcasting
 + Level 4.6 Hexes
 + Level 5.6 Transmutations
 + Level 4.6 Invocations
 + Level 2.7 Evocations


You had 6 spell levels left.
You knew the following spells:

 Your Spells              Type           Power        Failure   Level  Hunger
a - Beastly Appendage     Tmut           #####.       2%          1    None
b - Confuse               Hex            #####...     9%          3    ##.....
c - Sticks to Snakes      Tmut           #####...     3%          2    #......
d - Metabolic Englaciati  Hex/Ice        ####......   86%         5    ######.
e - Gell's Gravitas       Tloc           #.........   45%         3    ##.....
f - Confusing Touch       Hex            #####.       3%          1    None

Your spell library contained the following spells:

 Spells                   Type           Power        Failure   Level  Hunger
 Spider Form              Tmut/Pois      ####......   17%         3    ##.....
 Sting                    Conj/Pois      #...         19%         1    None
 Summon Small Mammal      Summ           #...         19%         1    None
 Summon Guardian Golem    Hex/Summ       ####....     21%         3    ##.....
 Call Imp                 Summ           #.......     26%         2    #......
 Poisonous Vapours        Pois/Air       #.....       26%         2    #......
 Blade Hands              Tmut           #####.....   43%         5    ######.
 Call Canine Familiar     Summ           #.......     45%         3    ##.....
 Mephitic Cloud           Conj/Pois/Air  #.......     45%         3    ##.....
 Ice Form                 Ice/Tmut       ####....     45%         4    ####...
 Petrify                  Tmut/Erth      ####....     45%         4    ####...
 Yara's Violent Unravell  Hex/Tmut       #####.....   47%         5    ######.
 Olgreb's Toxic Radiance  Pois           #.......     83%         4    ####...
 Summon Ice Beast         Ice/Summ       #.......     83%         4    ####...
 Summon Lightning Spire   Summ/Air       #.......     83%         4    ####...
 Venom Bolt               Conj/Pois      #.........   99%         5    ######.


Dungeon Overview and Level Annotations

Branches:
Dungeon (11/15)            Temple (1/1) D:4            Lair (0/6) D:11
    Orc: D:9-12

Altars:
Ashenzari
Cheibriados
Dithmenos
Elyvilon
Fedhas
Gozag
Hepliaklqana
Kikubaaqudgha
Makhleb
Nemelex Xobeh
Okawaru
Qazlal
Ru
Sif Muna
Trog
Uskayaw
Vehumet
Wu Jian
Xom
Yredelemnul
Zin
The Shining One

Shops:
D:4 *   D:6 *   D:8 *

Annotations:
D:8 1 runed translucent door, raetorn's ghost, novice FoFi Gauntlet 6 transporters, 21 runed translucent doors


Innate Abilities, Weirdness & Mutations

You have razor-sharp teeth.
Your natural rate of healing is unusually fast.
When hurt, damage is shared between your health and your magic reserves.
Your bite disrupts and absorbs the magic of your enemies.
Potions cannot restore your health.
You are immune to rotting.
Your mind is acute. (Int +2)
Your spells are a little harder to cast, but a little more powerful.


Message History

You bite the minotaur, but do no damage.
The minotaur is moderately wounded.
You hit the minotaur. You drain the minotaur. You bite the minotaur.
You drain its power.
You feel invigorated.
The minotaur is moderately wounded.
The minotaur drinks a potion.
The minotaur flickers and vanishes for a moment.
You barely miss the minotaur.
The minotaur furiously retaliates!
The minotaur headbutts you, but does no damage.
You bite the minotaur, but do no damage.
The minotaur is moderately wounded.
Your shadow hits the minotaur but does no damage.
The minotaur hits you with a +0 quarterstaff!
The minotaur gores you but does no damage.
You completely miss the minotaur.
The minotaur furiously retaliates!
The minotaur headbutts you.
* * * LOW HITPOINT WARNING * * *
The minotaur is moderately wounded.
The minotaur hits you with a +0 quarterstaff!!
You die...

#≈8≈#..#.
######...#..#©
#...##.8.#..#}
#.#.##...#..#!
#.#....8.#..#W
#.#.##...#..#W
###+###...##...#..##
#.H⌠.##.#.##.©.#≈...
+⌠.@..'.#......#∩...
#...∩##.#.##.©.#≈...
#.⌠..##...##...#..##
##+####.#.##...#..#.
#.#....8.#..#.
#.#.##...#..#!
#...##.8.#..#.
######§§.#..#§
#≈8≈#..#.


You could see a minotaur (invisible).

Vanquished Creatures
  Harold (D:10)
  A hydra (D:8)
  A two-headed ogre (D:8)
  A fire crab (Gauntlet)
  A moth of wrath (Gauntlet)
  A centaur skeleton (D:10)
  A gargoyle (D:8)
  2 trolls (D:9)
  A hippogriff (D:8)
  2 dream sheep (D:8)
  5 flying skulls (Gauntlet)
  2 wyverns
  2 redbacks (Gauntlet)
  7 yaks
  2 fire bats (Gauntlet)
  2 water moccasins
  2 orc warriors
  3 phantoms
  2 sky beasts
  A black bear (D:9)
  A hornet zombie (D:7)
  An ice beast (D:6)
  5 ogres
  An eye of draining (D:9)
  2 necrophages
  9 centaurs
  4 big kobolds
  4 bullfrogs
  12 scorpions
  4 howler monkeys
  4 crimson imps
  2 centaur zombies
  4 human zombies (Ossuary)
  2 bullfrog zombies
  4 jellies
  2 hounds
  An orc priest (D:9)
  Crazy Yiuf (D:7)
  2 bullfrog skeletons
  10 orc wizards
  An iguana (D:5)
  10 worker ants
  A killer bee zombie (D:7)
  3 big kobold zombies (Ossuary)
  A hound zombie (D:9)
  3 mummies (Ossuary)
  2 howler monkey zombies
  13 adders
  4 scorpion zombies (Ossuary)
  3 shadow imps
  An ooze (D:4)
  3 adder zombies
  2 adder skeletons
  2 worms (D:2)
  3 dart slugs
  5 leopard geckos
  22 orcs
  3 ball pythons
  3 bats
  6 giant cockroaches
  A gnoll zombie (Ossuary)
  7 goblins
  6 hobgoblins
  11 jackals
  6 quokkas
  2 frilled lizards (D:1)
  2 goblin zombies (Ossuary)
  9 kobolds
  2 kobold zombies (Ossuary)
  A leopard gecko zombie (D:5)
  A quokka skeleton (D:4)
  12 rats
266 creatures vanquished.

Vanquished Creatures (collateral kills)
  A hungry ghost (D:8)
1 creature vanquished.

Vanquished Creatures (others)
  An ice beast (D:6)
  A scorpion (Ossuary)
  A kobold zombie (Ossuary)
  18 fungi (D:11)
  A plant (D:11)
22 creatures vanquished.

Grand Total: 289 creatures vanquished

Notes
Turn   | Place    | Note
-------+----------+-------------------------------------------
     0 | D:1      | Descartes the Vine Stalker Transmuter began the quest for
                  | the Orb.
     0 | D:1      | Reached XP level 1. HP: 9/9 MP: 4/4
   455 | D:1      | Reached skill level 1 in Fighting
   512 | D:1      | Reached XP level 2. HP: 14/14 MP: 6/6
   986 | D:2      | Reached skill level 1 in Stealth
   986 | D:2      | Reached XP level 3. HP: 9/18 MP: 7/7
  1256 | D:2      | Found a shadowy altar of Dithmenos.
  1268 | D:2      | Became a worshipper of Dithmenos the Shadowed
  1295 | D:2      | Gained mutation: Your natural rate of healing is unusually
                  | fast. [Vine Stalker growth]
  1295 | D:2      | Reached XP level 4. HP: 22/22 MP: 8/8
  2200 | D:3      | Found a faded altar of an unknown god.
  2261 | D:3      | Reached skill level 1 in Short Blades
  2495 | D:4      | Reached skill level 2 in Stealth
  2495 | D:4      | Reached XP level 5. HP: 25/25 MP: 7/10
  2518 | D:4      | Found Koryhuyp's Serpentskin Sales.
  2568 | D:4      | Found a staircase to the Ecumenical Temple.
  2628 | D:4      | Reached skill level 1 in Armour
  2644 | D:4      | Learned a level 3 spell: Confuse
  2742 | D:4      | Reached * piety under Dithmenos
  2756 | D:4      | Found an ornate altar of the Wu Jian Council.
  3038 | Temple   | Entered the Ecumenical Temple
  3372 | D:5      | Entered Level 5 of the Dungeon
  3471 | D:5      | Noticed a centaur
  3490 | D:5      | Killed a centaur
  3490 | D:5      | Reached XP level 6. HP: 19/30 MP: 8/11
  3503 | D:5      | Found a shattered altar of Ashenzari.
  3551 | D:5      | Reached skill level 3 in Stealth
  3563 | D:5      | Found a sand-covered staircase.
  3567 | Ossuary  | Entered an ossuary
  3719 | Ossuary  | Reached XP level 7. HP: 34/34 MP: 12/12
  3786 | Ossuary  | Reached skill level 1 in Long Blades
  3786 | Ossuary  | Reached skill level 1 in Hexes
  3786 | Ossuary  | Reached skill level 1 in Invocations
  3905 | Ossuary  | Reached skill level 4 in Stealth
  4017 | Ossuary  | Gained mutation: You have razor-sharp teeth. [Vine Stalker
                  | growth]
  4017 | Ossuary  | Reached XP level 8. HP: 26/39 MP: 13/13
  4103 | Ossuary  | Got a steaming lapis lazuli ring
  4106 | Ossuary  | Identified the ring "Xos Coen" {rPois Int+6 Stlth-} (You
                  | found it in an ossuary)
  4181 | Ossuary  | Reached ** piety under Dithmenos
  4313 | D:5      | Reached skill level 5 in Unarmed Combat
  4365 | D:5      | Reached skill level 5 in Stealth
  4581 | D:5      | Found a burning altar of Makhleb.
  4603 | D:5      | Noticed a moth of wrath
  4624 | D:5      | Found a bloodstained altar of Trog.
  4906 | D:6      | Found Rosm's Assorted Antiques.
  5072 | D:6      | Reached XP level 9. HP: 33/43 MP: 13/15
  5106 | D:6      | Learned a level 2 spell: Sticks to Snakes
  5114 | D:6      | Learned a level 5 spell: Metabolic Englaciation
  5149 | D:6      | Found a sacrificial altar of Ru.
  5290 | D:6      | Reached skill level 6 in Stealth
  5371 | D:6      | Reached *** piety under Dithmenos
  5612 | D:6      | Found a glowing silver altar of Zin.
  6101 | D:7      | Found a hazy altar of Hepliaklqana.
  6255 | D:7      | Found a glowing silver altar of Zin.
  6319 | D:7      | Gained mutation: Your spells are a little harder to cast,
                  | but a little more powerful. [potion of mutation]
  6319 | D:7      | Gained mutation: Your mind is acute. (Int +2) [potion of
                  | mutation]
  6381 | D:7      | Found a sparkling altar of Nemelex Xobeh.
  6743 | D:7      | Found a runed translucent door.
  6744 | D:7      | Noticed Crazy Yiuf
  6751 | D:7      | Killed Crazy Yiuf
  6868 | D:8      | Noticed a gargoyle
  6891 | D:8      | Killed a gargoyle
  6891 | D:8      | Reached skill level 7 in Stealth
  6953 | D:8      | Reached XP level 10. HP: 49/49 MP: 17/17
  7000 | D:8      | Noticed a two-headed ogre
  7309 | D:8      | Found Iqeoramuts's General Store.
  7342 | D:8      | Found a runed translucent door.
  7342 | D:8      | Noticed raetorn's ghost (novice FoFi)
  7457 | D:8      | Killed a two-headed ogre
  7457 | D:8      | Reached skill level 8 in Stealth
  7739 | D:8      | Reached skill level 1 in Evocations
  7746 | D:8      | Reached **** piety under Dithmenos
  7791 | D:8      | Noticed a three-headed hydra
  7794 | D:8      | Killed a three-headed hydra
  7795 | D:8      | Reached XP level 11. HP: 53/53 MP: 19/19
  7845 | D:8      | Bought a scroll of remove curse for 39 gold pieces
  7845 | D:8      | Bought a potion of curing for 39 gold pieces
  7990 | D:9      | Reached skill level 5 in Spellcasting
  7990 | D:9      | Reached skill level 5 in Transmutations
  8169 | D:9      | Reached skill level 9 in Stealth
  8425 | D:9      | Learned a level 3 spell: Gell's Gravitas
  8427 | D:9      | Learned a level 1 spell: Confusing Touch
  8456 | D:9      | Found a glowing golden altar of the Shining One.
  9076 | D:10     | Entered Level 10 of the Dungeon
  9181 | D:10     | Noticed Harold
  9197 | D:10     | Killed Harold
  9764 | D:11     | Reached ***** piety under Dithmenos
  9999 | D:11     | Found a gate leading to a gauntlet.
 10076 | Gauntlet | Entered a Gauntlet
 10076 | Gauntlet | Found a transporter.
 10076 | Gauntlet | Found a transporter.
 10076 | Gauntlet | Found a transporter.
 10076 | Gauntlet | Found the +3 pair of gauntlets of War {Slay+5}
 10080 | Gauntlet | Found a transporter.
 10080 | Gauntlet | Found a transporter.
 10082 | Gauntlet | Found a large runed translucent door.
 10083 | Gauntlet | Found a large runed translucent door.
 10084 | Gauntlet | Found a large runed translucent door.
 10084 | Gauntlet | Found a large runed translucent door.
 10084 | Gauntlet | Found a runed translucent door.
 10085 | Gauntlet | Found a large runed translucent door.
 10085 | Gauntlet | Found a runed translucent door.
 10086 | Gauntlet | Found a large runed translucent door.
 10086 | Gauntlet | Found a large runed translucent door.
 10086 | Gauntlet | Found a large runed translucent door.
 10086 | Gauntlet | Found a large runed translucent door.
 10086 | Gauntlet | Found a large runed translucent door.
 10087 | Gauntlet | Found a large runed translucent door.
 10087 | Gauntlet | Found a large runed translucent door.
 10087 | Gauntlet | Found a large runed translucent door.
 10087 | Gauntlet | Found a large runed translucent door.
 10088 | Gauntlet | Found a large runed translucent door.
 10088 | Gauntlet | Found a large runed translucent door.
 10093 | Gauntlet | Found a runed translucent gate.
 10093 | Gauntlet | Found a runed translucent gate.
 10093 | Gauntlet | Found a runed translucent gate.
 10094 | Gauntlet | Noticed a fire crab
 10095 | Gauntlet | Found a transporter.
 10095 | Gauntlet | Found a transporter.
 10099 | Gauntlet | Found a transporter.
 10099 | Gauntlet | Found a transporter.
 10108 | Gauntlet | Noticed a moth of wrath
 10109 | Gauntlet | Found a transporter.
 10151 | Gauntlet | Found a transporter.
 10152 | Gauntlet | Noticed a fire crab
 10225 | Gauntlet | Found a transporter.
 10423 | Gauntlet | Killed a fire crab
 10535 | Gauntlet | Got a sparkling glass ring
 10543 | Gauntlet | Identified the ring of Edoplysteg {rPois rF+++ Str-5 Int-3
                  | SInv} (You found it in a Gauntlet)
 10556 | Gauntlet | Killed a moth of wrath
 10622 | Gauntlet | Noticed a minotaur
 10634 | Gauntlet | Slain by a minotaur

Skill      XL: |  1  2  3  4  5  6  7  8  9 10 11 |
---------------+----------------------------------+-----
Fighting       | 1 2 3 4 |  4.5
Stealth        | 1 2 3 4 5 7 8 9 |  9.8
Dodging        | 2 3 4 |  4.4
Short Blades   | 1 2 3 4 |  4.6
Armour         | 1 2 3 4 |  4.2
Unarmed Combat | 4 5 6 7 8 |  8.2
Spellcasting   | 3 4 5 |  5.5
Transmutations | 3 4 5 |  5.6
Long Blades    | 1 2 3 4 |  4.3
Hexes          | 1 2 3 4 |  4.6
Invocations    | 1 2 3 4 |  4.6
Evocations     | 1 2 |  2.7

Action                   |  1- 3 |  4- 6 |  7- 9 | 10-12 || total
-------------------------+-------+-------+-------+-------++-------
Melee: Unarmed           |    14 |       |       |       ||    14
       Bite              |    21 |    61 |   214 |   183 ||   479
       Dagger            |    80 |   204 |   624 |   450 ||  1358
       Punch             |       |     7 |    17 |    20 ||    44
       Falchion          |       |       |       |    47 ||    47
 Cast: Sticks to Snakes  |       |       |     2 |       ||     2
       Confuse           |       |       |       |     7 ||     7
       Confusing Touch   |       |       |       |     1 ||     1
Evoke: Wand              |       |       |       |     2 ||     2
  Use: Scroll            |     4 |     4 |    10 |    10 ||    28
       Potion            |       |       |     2 |     1 ||     3
 Stab: Sleeping          |     1 |     1 |     3 |    20 ||    25
       Distracted        |     1 |       |     1 |     1 ||     3
       Confused          |       |       |       |     2 ||     2
  Eat: Chunk             |     1 |     8 |    10 |    11 ||    30
       Ration            |       |       |     1 |     1 ||     2
Armor: Robe              |     3 |       |       |    61 ||    64
       Ring mail         |    33 |    56 |   158 |    69 ||   316
Dodge: Dodged            |    75 |   130 |   333 |   315 ||   853
       Rpst.: Falchion   |       |       |       |    10 ||    10
